 Dungeon Crawl Stone Soup version 0.31.0-9-g3a7656b989 (webtiles) character file.

Game seed: 12077687019210687054

196 qw the Shooter (level 5, -3/26 HPs)
             Began as a Spriggan Hunter on Feb 2, 2024.
             Slain by Duvessa
             ... wielding a +0 short sword
              (8 damage)
             ... on level 4 of the Dungeon.
             The game lasted 00:00:08 (2246 turns).

qw the Shooter (Spriggan Hunter)                    Turns: 2246, Time: 00:00:09

Health: -3/26      AC:  2    Str: 11    XL:     5   Next: 46%
Magic:  6/6        EV: 20    Int:  9    God:
Gold:   93         SH:  0    Dex: 20    Spells: 4/4 levels left

rFire   . . .        a - +0 shortbow
rCold   . . .        (shield currently unavailable)
rNeg    . . .        c - +0 robe
rPois   .            (helmet restricted)
rElec   .            (no cloak)
rCorr   .            (gloves unavailable)
SInv    +            (boots unavailable)
Will    .....        (no amulet)
Stlth   ++           (no ring)
HPRegen 0.24/turn    (no ring)
MPRegen 0.10/turn

%: no passive effects
@: about to teleport, very quick
A: very small, no large weapons, unfitting armour, see invisible, speed 3,
strong 1, wild magic 1
a: no special abilities


You were on level 4 of the Dungeon.
You visited 1 branch of the dungeon, and saw 4 of its levels.

You collected 93 gold pieces.


Innate Abilities, Weirdness & Mutations

You are very small and have problems with some larger weapons.
You are too small for most types of armour.
You have supernaturally acute eyesight. (SInv)
You cover ground extremely quickly. (Speed+++)
Your muscles are strong. (Str +4, Int/Dex -1)
Your spells are a little harder to cast, but a little more powerful.


   Skills:
 - Level 2.0 Fighting
 + Level 5.7 Ranged Weapons
 - Level 5.0 Dodging
 - Level 1.5 Stealth


You had 4 spell levels left.
You didn't know any spells.
Your spell library was empty.

Inventory:

Hand Weapons
 a - a +0 shortbow (weapon)
Armour
 c - a +0 robe (worn)
Scrolls
 d - a scroll of enchant armour
Potions
 h - a potion of might
 i - a potion of mutation

Dungeon Overview and Level Annotations

Branches:
Dungeon (4/15)
 Temple: D:4-7

Altars:

Annotations:
D:4 Dowan, Duvessa


Message History

You shoot an arrow. The arrow hits Dowan.
Dowan shouts!
Dowan is lightly wounded.
You hear a shout!
Dowan casts a spell at you.
You easily resist.
Duvessa, Sister of Dowan comes into view.
She is wielding a +0 short sword.
You shoot an arrow. The arrow barely misses Dowan.
The arrow hits Duvessa.
Duvessa is lightly wounded.
Dowan points at Duvessa and mumbles some strange words.
Duvessa seems to speed up.
You shoot an arrow. The arrow hits Dowan.
Dowan is moderately wounded.
You shoot an arrow. The arrow hits Duvessa.
Duvessa is moderately wounded.
You shoot an arrow.
The arrow hits Dowan but does no damage.
Dowan is moderately wounded.
You shoot an arrow. The arrow hits Duvessa.
Duvessa is moderately wounded.
You shoot an arrow.
The arrow hits Duvessa but does no damage.
Duvessa is moderately wounded.
Duvessa hits you with a +0 short sword.
You shoot an arrow.
The arrow hits Duvessa but does no damage.
Duvessa is moderately wounded.
Duvessa hits you with a +0 short sword. x2
You shoot an arrow.
The arrow hits Duvessa but does no damage.
Duvessa is moderately wounded.
Duvessa barely misses you.
You shoot an arrow. The arrow barely misses Duvessa.
Duvessa hits you with a +0 short sword. Dowan closely misses you.
Duvessa hits you with a +0 short sword. Dowan hits you with a +0 dagger.
2246 ||| READING scroll of teleportation.
As you read the scroll of teleportation, it crumbles to dust.
You feel strangely unstable. Duvessa hits you with a +0 short sword!
You die...

...... ..
##.....#.##
..........
#..#....#
###.......#
....#....#
#####.#.....##
....(....@e.#.#
#..#.#..e...#
#.###)........#(#
...........##.#
.. .......<#..#
## # #.....).#..#
#.....#......
#..##...#.#### #.
....#..


You could see Duvessa (fast) and Dowan.

Vanquished Creatures
  Natasha (twice) (D:3)
  A scorpion zombie (D:3)
  2 hound skeletons (D:3)
  Robin (D:3)
  2 adders
  A dart slug (D:3)
  2 ribbon worms (D:2)
  4 endoplasms
  10 goblins
  8 hobgoblins
  3 jackals (D:1)
  4 quokkas
  5 ball pythons
  A ball python zombie (D:3)
  4 bats (D:1)
  5 frilled lizards
  A jackal zombie (D:3)
  6 kobolds
  4 rats
66 creatures vanquished.

Notes
Turn   | Place    | Note
-------+----------+-------------------------------------------
     0 | D:1      | qw the Spriggan Hunter began the quest for the Orb.
     0 | D:1      | Reached XP level 1. HP: 10/10 MP: 2/2
     0 | D:1      | 0 ||| qw: Version: 0.3-a-155-g5e7d8dd
     0 | D:1      | 0 ||| qw: Game counter: 2034
     0 | D:1      | 0 ||| qw: Melee chars always use a shield: true
     0 | D:1      | 0 ||| qw: God list: Okawaru
     0 | D:1      | 0 ||| qw: Allow faded altars: false
     0 | D:1      | 0 ||| qw: Do Orc after clearing Dungeon:15 true
     0 | D:1      | 0 ||| qw: Do second Lair branch before Depths: true
     0 | D:1      | 0 ||| qw: Lair rune preference: random
     0 | D:1      | 0 ||| qw: Goals: Normal
     0 | D:1      | 0 ||| PLANNING D:1-11
    97 | D:1      | Reached skill level 3 in Dodging
   139 | D:1      | Reached XP level 2. HP: 14/14 MP: 3/3
   569 | D:1      | 569 ||| READING scroll labelled QALIXOFFI HANT.
   570 | D:1      | 570 ||| DROPPING scroll of butterflies.
   638 | D:2      | Reached XP level 3. HP: 18/18 MP: 4/4
   664 | D:2      | 664 ||| DROPPING +2 sling of flaming.
  1267 | D:2      | 1267 ||| DROPPING ring of wizardry.
  1268 | D:2      | 1268 ||| READING scroll labelled XEUKHAHOODGH.
  1268 | D:2      | 1268 ||| IDENTIFYING yellow potion
  1269 | D:2      | 1269 ||| READING 2 scrolls labelled ZOAPTUBLULO.
  1273 | D:2      | 1273 ||| READING scroll labelled LEKKEK XUUTH.
  1274 | D:2      | 1274 ||| DRINKING 2 cyan potions.
  1322 | D:2      | 1322 ||| DRINKING 2 fuming orange potions.
  1322 | D:2      | Gained mutation: Your muscles are strong. (Str +4, Int/Dex
                  | -1) [potion of mutation]
  1322 | D:2      | Gained mutation: Your spells are a little harder to cast,
                  | but a little more powerful. [potion of mutation]
  1323 | D:2      | 1323 ||| DROPPING potion of lignification.
  1498 | D:3      | Reached XP level 4. HP: 18/22 MP: 5/5
  1711 | D:3      | Noticed Natasha
  1720 | D:3      | Killed Natasha
  1721 | D:3      | Reached XP level 5. HP: 18/26 MP: 6/6
  1805 | D:3      | Noticed Natasha
  1807 | D:3      | Killed Natasha
  2055 | D:3      | 2055 ||| READING scroll labelled IWAACA WE RISO.
  2056 | D:3      | 2056 ||| READING 2 scrolls labelled IWKAGA XANGAL.
  2056 | D:3      | 2056 ||| ENCHANTING +0 shortbow.
  2080 | D:4      | Noticed Robin
  2082 | D:4      | 2082 ||| STAIRDANCE
  2109 | D:4      | 2109 ||| STAIRDANCE
  2144 | D:4      | 2144 ||| STAIRDANCE
  2147 | D:3      | Killed Robin
  2200 | D:4      | 2200 ||| STAIRDANCE
  2235 | D:4      | Noticed Dowan
  2236 | D:4      | Noticed Duvessa
  2245 | D:4      | HP: 5/26 [Dowan/+0 dagger (3)]
  2246 | D:4      | 2246 ||| READING scroll of teleportation.
  2246 | D:4      | Slain by Duvessa

Levels and vault maps discovered:
D:1:      minmay_arrival_arboretum_small, layout_loops_ring,
          amcnicky_mini_rare_corridor_liquid, minmay_misc_feat_cross
D:2:      layout_loops_ring, minmay_misc_feat_square, minmay_tetromino_s2
D:3:      layout_loops_ring, serial_undead, serial_undead_f, serial_undead_f,
          serial_undead_d, serial_undead_d, uniq_natasha
D:4:      layout_basic, mainiacjoe_overflow_24_doors, serial_shops, shop_coins,
          uniq_grinder, uniq_robin, uniq_duvessa

Skill      XL: |  1  2  3  4 |
---------------+-------------+-----
Dodging        | 3 4 5 |  5.0
Ranged Weapons | 5 |  5.7
Fighting       | 2 |  2.0
Stealth        | |  1.5

Action                     |  1- 3 |  4- 6 || total
---------------------------+-------+-------++-------
   Fire: Shortbow          |   129 |    90 ||   219
    Use: Scroll            |     4 |     3 ||     7
         Potion            |     2 |       ||     2
 Armour: Robe              |    11 |    33 ||    44
  Dodge: Dodged            |    45 |    64 ||   109

Table legend:
 A = Non-vault XP
 B = Vault XP
 C = Vault XP percentage of total XP
 D = Non-vault monster count
 E = Vault monster count
 F = Vault count percentage of total count
                 A         B        C        D         E       F
            +---------+---------+-------+---------+---------+-------
      Total |     134 |     147 |  52.3 |      47 |      19 |  28.8
            +---------+---------+-------+---------+---------+-------
        D:1 |      32 |       0 |   0.0 |      24 |       0 |   0.0
        D:2 |      41 |       4 |   8.9 |      13 |       2 |  13.3
        D:3 |      61 |     139 |  69.5 |      10 |      15 |  60.0
        D:4 |       0 |       4 | 100.0 |       0 |       2 | 100.0
            +---------+---------+-------+---------+---------+-------
